 Dungeon Crawl Stone Soup version 0.28.0-53-g5a82cb258f (webtiles) character file.

Game seed: 13215200522815648217

18 Jamesuke the Firebug (level 2, -2/20 HPs)
             Began as a Draconian Fire Elementalist on July 25, 2022.
             Slain by a gnoll
             ... wielding a +0 whip
              (5 damage)
             ... on level 2 of the Dungeon.
             The game lasted 00:03:52 (185 turns).

Jamesuke the Firebug (Draconian Fire Elementalist)   Turns: 185, Time: 00:03:53

Health: -2/20      AC:  5    Str: 10    XL:     2   Next: 51%
Magic:  2/5        EV: 12    Int: 15    God:
Gold:   0          SH:  0    Dex: 11    Spells: 4/5 levels left

rFire   . . .      SeeInvis .   b - +0 short sword
rCold   . . .      Faith    .   (no shield)
rNeg    . . .      Spirit   .   (armour unavailable)
rPois   .          Reflect  .   (helmet restricted)
rElec   .          Harm     .   (no cloak)
rCorr   .          Rampage  .   a - +0 pair of gloves
Will    .....                   (no boots)
Stlth   ++........              (no amulet)
HPRegen 0.06/turn               (no ring)
MPRegen 0.09/turn               (no ring)

@: very slightly contaminated
A: AC +4, unfitting armour, cold-blooded
a: no special abilities


You were on level 2 of the Dungeon.
You visited 1 branch of the dungeon, and saw 2 of its levels.

Inventory:

Hand Weapons
 b - a +0 short sword (weapon)
Armour
 a - a +0 pair of gloves (worn)
 e - a +0 robe
Potions
 c - a potion of lignification {unknown}
 d - 2 potions of berserk rage {unknown}
 f - a potion of mutation {unknown}


   Skills:
 + Level 2.0 Dodging
 + Level 2.0 Stealth
 + Level 2.1 Spellcasting
 + Level 1.2 Conjurations
 + Level 3.3 Fire Magic


You had 4 spell levels left.
You knew the following spells:

 Your Spells              Type           Power      Damage    Failure   Level
a - Foxfire               Conj/Fire      32%        2x1d5     9%          1

Your spell library contained the following spells:

 Spells                   Type           Power      Damage    Failure   Level
 Scorch                   Fire           22%        2d6       9%          2
 Conjure Flame            Conj/Fire      8%         6-21      26%         3
 Inner Flame              Hex/Fire       6%         N/A       32%         3
 Flame Wave               Conj/Fire      8%         2d5       63%         4


Dungeon Overview and Level Annotations

Branches:
Dungeon (1/15)

Altars:


Innate Abilities, Weirdness & Mutations

Your plain brown scales are hard. (AC +4)
You cannot fit into any form of body armour.
You are cold-blooded and may be slowed by cold attacks.


Message History

You kill the quokka!
You see here a quokka corpse.
f - a white potion A gnoll comes into view.
It is wielding a +0 whip.
The gnoll shouts!
A gnoll comes into view. It is wielding a +0 halberd.
Found a stone staircase leading up.
A gnoll comes into view. It is wielding a +0 halberd.
The gnoll shouts! x2
A gnoll comes into view. It is wielding a +0 flail.
The gnoll hits you with a +0 whip. The gnoll misses you.
Casting: Foxfire (safe; 9% risk of failure)
Press: ? - help, Q - select action Dir - look around, f - activate Look: a gnoll, wielding a +0 whip You miscast Foxfire.
You are very lightly contaminated with residual magic.
Nothing appears to happen.
The gnoll hits you with a +0 whip.
* * * LOW HITPOINT WARNING * * *
The gnoll misses you. The gnoll completely misses you.
Casting: Foxfire (safe; 9% risk of failure)
Press: ? - help, Q - select action Dir - look around, f - activate Look: a gnoll, wielding a +0 whip You conjure some foxfire!
The gnoll closely misses you. x2
The foxfire hits the gnoll.
The gnoll is lightly wounded.
The foxfire hits the gnoll.
The gnoll is moderately wounded.
Casting: Foxfire (safe; 9% risk of failure)
Press: ? - help, Q - select action Dir - look around, f - activate Look: a gnoll, wielding a +0 whip (moderately wounded)
You conjure some foxfire!
The gnoll closely misses you. x2
The foxfire hits the gnoll.
The gnoll is heavily wounded.
The foxfire hits the gnoll but does no damage.
The gnoll is heavily wounded.
The gnoll hits you with a +0 whip.
You die...

......### #...# .....##.#
#...# ''#####.#
#####...#####
..##..#.###...........###
#.##.........†...........
#.....#.###...........#
#.##.##.# #####...#####
#..†....# #...# .....####
#.@§# ..#### #g.§# #[#
####.### #.# #..gg..###
..# #.#......# #.#
#.......#.#.# #.#
#.##.#.##.# # .# # #.#.#
.. . ... <.


You could see 3 gnolls.

Vanquished Creatures
  An adder (D:2)
  A worm (D:2)
  A ball python (D:2)
  A goblin (D:1)
  A hobgoblin (D:2)
  A quokka (D:2)
  A kobold (D:1)
7 creatures vanquished.

Vanquished Creatures (others)
  11 foxfires
11 creatures vanquished.

Grand Total: 18 creatures vanquished

Notes
Turn   | Place    | Note
-------+----------+-------------------------------------------
     0 | D:1      | Jamesuke the Draconian Fire Elementalist began the quest
                  | for the Orb.
     0 | D:1      | Reached XP level 1. HP: 14/14 MP: 3/3
    69 | D:1      | You fall into a shaft and drop 1 floor!
   138 | D:2      | Reached XP level 2. HP: 17/20 MP: 3/5
   185 | D:2      | Slain by a gnoll

Illustrated notes

Levels and vault maps discovered:
D:1:      arrival_zaba_pyramid, layout_loops_corners, minmay_lizard_king
D:2:      layout_loops_cross, serial_shops, nicolae_square_shop, basic_altar,
          grunt_decor_one_mirror, kennysheep_big_empty_room,
          minmay_pentomino_u4, uniq_robin

Skill      XL: |  1  2 |
---------------+-------+-----
Dodging        | 2 |  2.0
Stealth        | 2 |  2.0
Spellcasting   | |  2.1
Conjurations   | |  1.2
Fire Magic     | |  3.3

Action                   || total
-------------------------++-------
Melee: Short sword       ||    19
       Tailslap          ||     1
       Punch             ||     1
 Cast: Foxfire           ||     6
Armor: Skin              ||     4
Dodge: Dodged            ||    16
